 Dungeon Crawl Stone Soup version 0.28.0-43-g3370ac3207 (webtiles) character file.

Game seed: 13324496543479799366

6953 crimpus the Basher (level 11, -9/71 HPs)
             Began as a Gargoyle Berserker on Mar 9, 2022.
             Was an Elder of Trog.
             Mangled by a two-headed ogre
             ... wielding a +0 giant club
              (22 damage)
             ... on level 7 of the Dungeon.
             The game lasted 00:21:01 (12056 turns).

crimpus the Basher (Gargoyle Berserker)            Turns: 12056, Time: 00:21:02

Health: -9/71      AC: 27    Str: 24    XL:     11   Next: 7%
Magic:  11/11      EV:  8    Int:  9    God:    Trog [****..]
Gold:   416        SH:  5    Dex: 15    Spells: 10/10 levels left

rFire   . . .      SeeInvis .   r - +4 flail
rCold   . . .      Faith    .   (no shield)
rNeg    + . .      Spirit   .   f - +0 plate armour
rPois   ∞          Reflect  +   k - +0 helmet
rElec   +          Harm     .   (no cloak)
rCorr   .          Rampage  .   m - +0 pair of gloves
Will    +....                   w - +2 pair of boots
Stlth   ..........              z - amulet of reflection
HPRegen 0.21/turn               e - ring of willpower
MPRegen 0.12/turn               D - ring "Tyb Kibb" {Dex+6 Stlth+}

@: on berserk cooldown, slowed, very slow
A: sickness immunity, AC +8, negative energy resistance 1, electricity
resistance, torment resistance 1, petrification resistance
a: Renounce Religion, Berserk, Trog's Hand, Brothers in Arms


You were on level 7 of the Dungeon.
You worshipped Trog.
Trog was greatly pleased with you.
You visited 1 branch of the dungeon, and saw 8 of its levels.

You collected 416 gold pieces.

Inventory:

Hand Weapons
 r - a +4 flail (weapon)
 u - the +8 woodcutter's axe {vorpal}
   (You took it off a gnoll sergeant on level 7 of the Dungeon)

   It inflicts extra damage upon your enemies.
Missiles
 n - a throwing net (quivered)
Armour
 f - a +0 plate armour (worn)
 k - a +0 helmet (worn)
 m - a +0 pair of gloves (worn)
 w - a +2 pair of boots (worn)
Jewellery
 b - a +4 ring of protection
 e - a ring of willpower (left hand)
 z - an amulet of reflection (around neck)
 D - the ring "Tyb Kibb" (right hand) {Dex+6 Stlth+}
   (You took it off a vampire on level 7 of the Dungeon)

   [ring of dexterity]

   Dex:       It affects your dexterity (+6).
   Stlth:     It makes you more stealthy.
Wands
 c - a wand of digging (5)
 j - a wand of paralysis (9)
 p - a wand of iceblast (8)
 q - a wand of flame (28)
 y - a wand of mindburst (15)
Scrolls
 d - a scroll of enchant weapon
 g - a scroll of immolation {unknown}
 h - a scroll of fear
 i - 3 scrolls of teleportation
 l - 6 scrolls of identify
 o - a scroll of silence
 s - 3 scrolls of holy word
 v - a scroll of enchant armour {unknown}
 x - a scroll of magic mapping {unknown}
 A - 2 scrolls of blinking {unknown}
Potions
 a - a potion of flight
 C - a potion of might {unknown}
Miscellaneous
 t - a phial of floods
 E - a phantom mirror


   Skills:
 + Level 9.1 Fighting
 + Level 12.9 Maces & Flails
 + Level 7.7 Armour
 - Level 3.2 Dodging
 + Level 0.8 Shields


You had 10 spell levels left.
You didn't know any spells.
Your spell library was empty.

Dungeon Overview and Level Annotations

Branches:
Dungeon (8/15)             Temple (0/1) D:7
   Lair: D:8-11

Altars:
Ashenzari
Gozag
Makhleb
Qazlal
Trog
Xom
The Shining One

Shops:
D:3 (   D:8 (

Annotations:
D:6 3 runed translucent doors, FuzzyBison's ghost, novice KoSu


Innate Abilities, Weirdness & Mutations

You are immune to sickness and miasma.
Your stone body is resilient. (AC +8)
You are immune to poison.
You resist negative energy. (rN+)
You are resistant to electric shocks. (rElec)
You are resistant to unholy torment.
You are immune to petrification.


Message History

You are too injured to fight recklessly!
You are too injured to fight recklessly!
You are too injured to fight recklessly!
You are too injured to fight recklessly!
You are too injured to fight recklessly!
You are too injured to fight recklessly!
A red film seems to cover your vision as you go berserk!
You feel yourself moving faster!
You feel mighty!
The two-headed ogre hits you with a +0 giant club!
* * * LOW HITPOINT WARNING * * *
The two-headed ogre hits you with a +0 giant spiked club.
* * * LOW HITPOINT WARNING * * *
What are your orders? t - Shout!
Anything else - Cancel.
You shout wildly!
You feel a strong urge to attack something.
What are your orders? t - Shout!
Anything else - Cancel.
You shout wildly!
The two-headed ogre hits you with a +0 giant club.
* * * LOW HITPOINT WARNING * * *
The two-headed ogre hits you but does no damage.
What are your orders? t - Shout!
Anything else - Cancel.
You shout wildly!
You feel your anger nearly subside. What are your orders? t - Shout!
Anything else - Cancel.
You shout wildly!
You are no longer berserk.
You are exhausted.
You feel yourself slow down. The two-headed ogre closely misses you.
You block the two-headed ogre's attack.
You feel better.
The two-headed ogre barely misses you. x2
You fail to use your ability.
The two-headed ogre hits you with a +0 giant club!
* * * LOW HITPOINT WARNING * * *
The two-headed ogre hits you but does no damage.
The two-headed ogre hits you with a +0 giant club!!
You die...

.##.####.:|..#.##(##.............
.##..# #.....#..## #..###..#.####
.###.#####.#####.# #.............
.#.....#.....#....##..####.#.###.
.#.###.#.....#.. #.#..####.# #.
...............###.........# #.
.#.#.#.#.....#.#...#..####.#.###.
.#.†)..#.....##O...#..##.........
.###.#####.#####@###..####.#.####
......................# ..
......................# ##
####################..# #..# #.>#
##.# ####### #.# ......# #.#


You could see a two-headed ogre.

Vanquished Creatures
  A manticore (D:7)
  2 kobold demonologists
  Psyche (D:8)
  A troll (D:7)
  A slime creature (D:7)
  A hornet (D:8)
  A vampire (D:7)
  A wraith (D:6)
  3 yaks
  2 steam dragons
  A vampire mosquito (D:6)
  A water moccasin (D:7)
  2 black bears
  An orc warrior (D:7)
  An ice beast (D:6)
  2 necrophages (D:6)
  4 ogres
  4 centaurs
  4 phantoms
  3 kobold brigands
  4 gnoll sergeants
  2 bullfrogs (D:8)
  7 scorpions
  A water moccasin skeleton (D:6)
  4 wights (D:6)
  3 killer bees (D:8)
  2 howler monkeys (D:7)
  2 bullfrog zombies (D:6)
  2 centaur zombies
  3 jellies
  A gnoll shaman (D:7)
  5 hounds
  A centaur skeleton (D:4)
  An orc priest (D:8)
  3 iguanas
  2 orc wizards
  A hound skeleton (D:4)
  Robin (D:2)
  20 gnolls
  A howler monkey skeleton (D:7)
  8 adders
  2 white imps
  3 ufetubi (D:5)
  3 worms
  4 dart slugs
  15 orcs
  15 ball pythons
  3 endoplasms
  3 giant cockroaches
  16 goblins
  10 hobgoblins
  8 jackals
  21 kobolds
  A quokka (D:1)
  A frilled lizard (D:1)
  4 rats
220 creatures vanquished.

Vanquished Creatures (others)
  A bullfrog (D:8)
  An orc wizard (D:7)
  A fungus (D:6)
  3 plants (D:6)
6 creatures vanquished.

Grand Total: 226 creatures vanquished

Notes
Turn   | Place    | Note
-------+----------+-------------------------------------------
     0 | D:1      | crimpus the Gargoyle Berserker began the quest for the Orb.
     0 | D:1      | Reached XP level 1. HP: 14/14 MP: 1/1
   103 | D:1      | Reached XP level 2. HP: 13/19 MP: 2/2
   676 | D:1      | Reached XP level 3. HP: 20/24 MP: 3/3
  1371 | D:2      | Reached ** piety under Trog
  1478 | D:2      | Noticed Robin
  1511 | D:2      | Killed Robin
  1512 | D:2      | Reached XP level 4. HP: 23/29 MP: 4/4
  1540 | D:2      | Reached skill level 4 in Maces & Flails
  2840 | D:3      | Found Tufefocs's Weapon Boutique.
  2962 | D:3      | Reached XP level 5. HP: 33/33 MP: 5/5
  3016 | D:3      | Reached *** piety under Trog
  3087 | D:3      | Found a large runed translucent door.
  3088 | D:3      | Found a large runed translucent door.
  3323 | D:3      | Found a broken altar of Ashenzari.
  3362 | D:3      | Found a glowing golden altar of the Shining One.
  3476 | D:3      | Found a bloodstained altar of Trog.
  3700 | D:3      | Found a faded altar of an unknown god.
  4358 | D:4      | Reached XP level 6. HP: 39/39 MP: 6/6
  4721 | D:4      | Found a stormy altar of Qazlal.
  4783 | D:4      | Reached skill level 5 in Maces & Flails
  5072 | D:5      | Entered Level 5 of the Dungeon
  5537 | D:5      | Noticed a black bear
  5573 | D:5      | Killed a black bear
  5574 | D:5      | Reached XP level 7. HP: 37/44 MP: 7/7
  6219 | D:5      | Reached skill level 5 in Fighting
  6219 | D:5      | Reached skill level 6 in Maces & Flails
  6518 | D:5      | Reached skill level 5 in Armour
  6706 | D:5      | Reached XP level 8. HP: 35/49 MP: 8/8
  6880 | D:5      | Reached skill level 7 in Maces & Flails
  7196 | D:5      | Found a burning altar of Makhleb.
  7344 | D:6      | Found a runed translucent gate.
  7359 | D:6      | Found a shimmering altar of Xom.
  7812 | D:6      | Reached skill level 8 in Maces & Flails
  7992 | D:6      | Reached XP level 9. HP: 30/55 MP: 9/9
  8382 | D:6      | Reached skill level 9 in Maces & Flails
  9030 | D:6      | Reached skill level 10 in Maces & Flails
  9382 | D:6      | Found a runed translucent gate.
  9383 | D:6      | Found a runed translucent gate.
  9383 | D:6      | Noticed FuzzyBison's ghost (novice KoSu)
  9903 | D:7      | You fall into a shaft and drop 1 floor!
  9976 | D:8      | Noticed a hornet
  9987 | D:8      | Killed a hornet
  9988 | D:8      | Reached XP level 10. HP: 63/63 MP: 10/10
 10166 | D:8      | Found an opulent altar of Gozag.
 10295 | D:8      | Reached skill level 11 in Maces & Flails
 10447 | D:8      | Noticed Psyche
 10466 | D:8      | Killed Psyche
 10500 | D:8      | Noticed a kobold demonologist
 10509 | D:8      | Killed a kobold demonologist
 10563 | D:8      | Found Xeuczubb's Antique Weapon Shop.
 10890 | D:8      | Reached **** piety under Trog
 11116 | D:7      | Noticed a manticore
 11133 | D:7      | Killed a manticore
 11134 | D:7      | Reached skill level 12 in Maces & Flails
 11243 | D:7      | Identified the ring "Tyb Kibb" {Dex+6 Stlth+}
 11615 | D:7      | Noticed a kobold demonologist
 11619 | D:7      | Noticed an orange demon
 11626 | D:7      | Killed a kobold demonologist
 11632 | D:7      | Reached XP level 11. HP: 71/71 MP: 11/11
 11676 | D:7      | Found a staircase to the Ecumenical Temple.
 12037 | D:7      | Noticed a two-headed ogre
 12056 | D:7      | Mangled by a two-headed ogre

Illustrated notes

Levels and vault maps discovered:
D:1:      ebering_trefoil_twist, layout_basic
D:2:      layout_basic, chequers_serial_rivers_large_a, nrook_loot_triangle,
          minmay_misc_feat_alley, uniq_robin
D:3:      layout_loops_corners, lemuel_coloured_pillars_altar,
          jmf_multi_god_temple2, hellmonk_ecumenical_altar_run_dry,
          serial_shops, nicolae_shop_advertising_works
          [nicolae_subvault_shop_adworks]
D:4:      layout_loops_cross, mainiacjoe_overflow_alcove_4
D:5:      minmay_spotlight, layout_loops_ring, lightli_temple_of_fire,
          hangedman_minor_gate_pass
D:6:      cheibrodos_fzero, layout_basic, mainiacjoe_overflow_chevrons,
          gammafunk_ghost_nasty_kobolds, minivault_26
D:7:      minmay_the_grid_square_5x5_3x3 [minmay_the_grid_square_5x5_tie,
          minmay_the_grid_square_5x5_longway,
          minmay_the_grid_square_5x5_inner_z, minmay_the_grid_square_5x5_six,
          minmay_the_grid_square_5x5_megaprize_open,
          minmay_the_grid_square_5x5_empty, minmay_the_grid_square_5x5_plus,
          minmay_the_grid_square_5x5_detours, minmay_the_grid_square_5x5_meh],
          layout_basic, minmay_temple_entry_ruins, st_stairs_9,
          pf_guarded_unrand_woodcutter
D:8:      layout_loops_ring, overflow_temple_1_default, serial_shops,
          nicolae_shop_behind_doors, minmay_stone_trees_medium, st_stairs_11,
          uniq_psyche

Skill      XL: |  1  2  3  4  5  6  7  8  9 10 |
---------------+-------------------------------+-----
Fighting       | 4 5 6 7 9 |  9.1
Maces & Flails | 4 5 6 8 10 12 | 12.9
Armour         | 3 4 5 6 7 |  7.7
Dodging        | 2 3 |  3.2
Shields        | |  0.8

Action                   |  1- 3 |  4- 6 |  7- 9 | 10-12 || total
-------------------------+-------+-------+-------+-------++-------
Melee: Mace              |   106 |   271 |   185 |       ||   562
       Punch             |     4 |     4 |     3 |     5 ||    16
       Flail             |       |       |   169 |   241 ||   410
Invok: Berserk           |       |     4 |     9 |     6 ||    19
       Trog's Hand       |       |       |     2 |     1 ||     3
  Use: Scroll            |       |     9 |     2 |       ||    11
       Potion            |       |     6 |       |     2 ||     8
Armor: Animal skin       |    17 |       |       |       ||    17
       Chain mail        |    49 |    68 |       |       ||   117
       Ring mail         |       |   101 |   262 |   146 ||   509
       Plate armour      |       |       |       |    16 ||    16
Dodge: Dodged            |    44 |   176 |   260 |   115 ||   595
Block: Other             |       |       |       |    18 ||    18
